 Dungeon Crawl Stone Soup version 0.14-a0-2162-g062a2ce (webtiles) character file.

2926 Honkfish the Unseen (level 10, -14/58 HPs)
             Began as a Kobold Assassin on Jan 28, 2014.
             Was a Priest of Dithmengos.
             Shot with a bolt by an orc warrior (27 damage)
             ... in a bailey.
             The game lasted 00:27:16 (9754 turns).

Honkfish the Unseen (Kobold Assassin)               Turns: 9754, Time: 00:27:16

HP -14/58        AC 12     Str 11      XL: 10   Next:  0%
MP  10/10        EV 11     Int  9      God: Dithmengos [***...]
Gold 178         SH  0     Dex 20      Spells:  0 memorised,  9 levels left

rFire  . . .     SeeInvis +     b - +0 blowgun
rCold  . . .     Clarity  .     t - +3 ring mail {rPois}
rNeg   + . .     Conserve +     (no shield)
rPois  +         rCorr    .     (no helmet)
rElec  .         rRot     .     d - +2 cloak
SustAb . .       Spirit   .     (no gloves)
rMut   .         Warding  .     v - +0 pair of boots
Saprov + + .     Stasis   .     q - amulet of conservation
MR     .....                    l - ring of see invisible
                                k - ring of positive energy

@: wreathed by umbra, not resistant to hostile enchantments, uncannily stealthy
A: disease resistance, carnivore 3, saprovore 2
a: Shadow Step, Renounce Religion


You were in a bailey.
You worshipped Dithmengos.
Dithmengos was most pleased with you.
You were very full.

You visited 1 branch of the dungeon, and saw 7 of its levels.
You also visited: Sewer, Ossuary and Bailey.

You collected 438 gold pieces.
You spent 260 gold pieces at shops.

Inventory:

Hand weapons
 a - a +4,+4 dagger
 b - a +0 blowgun (weapon)
 s - a +2,+3 flail of crushing
Missiles
 e - 20 poisoned needles (quivered)
 f - a curare-tipped needle
Armour
 c - a +0 robe
 d - a +2 cloak (worn)
 t - a +3 ring mail of poison resistance (worn)
 v - a +0 pair of boots (worn)
Magical devices
 m - a wand of slowing (3)
 n - a wand of frost (0)
Comestibles
 g - 7 meat rations
 j - a honeycomb
Scrolls
 i - 2 scrolls of remove curse
 o - 5 scrolls of enchant weapon I
 p - 2 scrolls of fog
 y - a scroll of magic mapping
 B - 2 scrolls of teleportation
 G - a scroll of fear
Jewellery
 k - a ring of positive energy (left hand)
 l - a ring of see invisible (right hand)
 q - an amulet of conservation (around neck)
 r - a cursed ring of poison resistance
Potions
 h - 3 potions of restore abilities
 u - a potion of flight {unknown}
 w - 3 potions of magic {unknown}
 x - a potion of degeneration {unknown}
 z - a potion of lignification
 A - 3 potions of curing
 D - a potion of resistance
 E - a potion of speed


   Skills:
 + Level 4.4 Fighting
 + Level 6.5 Short Blades
 - Level 2.6 Throwing
 - Level 1.2 Dodging
 * Level 16.0 Stealth


You had 9 spell levels left.
You didn't know any spells.

Dungeon Overview and Level Annotations

Branches:
Dungeon (7/16)
 Temple: D:4-7

Altars:
Cheibriados
Dithmengos
Elyvilon
Fedhas
Vehumet

Shops:
D:5 =   D:6 [

Annotations:
D:7 exclusion: 3 electric eels, Menkaure


Innate Abilities, Weirdness & Mutations

You recuperate from illness quickly.
You are small and have problems with some larger weapons.
You are carnivorous and can eat meat at any time.
You can eat rotten meat.


Message History

You drop a wand of fire {zapped: 1}.
The orc warrior shoots a bolt.
The bolt hits you!
The orc warrior shoots a bolt.
The bolt hits you!
* * * LOW HITPOINT WARNING * * *
You see here 7 bolts.
Evoke which item? (* to show all) (? for menu, Esc to quit)
Zapping:
n - a wand of frost {zapped: 9}
Press: ? - help, Shift-Dir - straight line, f - orc warrior
Aim: an orc warrior, wielding an orcish crossbow (moderately wounded, consumed by blood-lust)
The puff of frost hits the orc warrior.
The orc warrior is heavily wounded.
The orc warrior shoots a bolt.
The bolt misses you.
The orc warrior shoots a bolt.
The bolt hits you!
* * * LOW HITPOINT WARNING * * *
Evoke which item? (* to show all) (? for menu, Esc to quit)
Zapping:
n - a wand of frost {zapped: 10}
Press: ? - help, Shift-Dir - straight line, f/p - orc warrior
Aim: an orc warrior, wielding an orcish crossbow (heavily wounded, consumed by blood-lust) Nothing appears to happen.
The orc warrior shoots a bolt.
The bolt hits you!
You die...

### ######
##∩#########
#.....##(∩/##.....##
#..≈≈≈..#(.@#..≈≈≈..#
#.≈≈o≈≈.......≈≈o≈≈.#
+.≈ooo≈.......≈oo(≈.+
.≈≈o≈≈.......≈≈o≈≈.#
..≈≈≈..#...#(.≈≈≈..#
#.....##...##.....##
##### ##∩#########
###


You could see an orc knight, 6 orc warriors and an orc.

Vanquished Creatures
  Grinder (D:5)
  Prince Ribbit (Sewer)
  A hungry ghost (D:6)
  Edmund (D:5)
  A sky beast (D:6)
  A necrophage (D:6)
  An ice beast (D:6)
  2 orc warriors
  3 ogres
  A centaur (D:7)
  Duvessa (D:5)
  Blork the orc (D:5)
  3 giant frogs
  Dowan (D:5)
  An orc priest (D:5)
  3 crimson imps
  3 orc wizards
  A scorpion (D:5)
  A hound (D:6)
  6 worker ants
  A big fish (D:6)
  2 water moccasin zombies (Ossuary)
  5 big kobold zombies (Ossuary)
  Ijyb (D:5)
  2 mummies (Ossuary)
  2 gnolls
  8 adders
  3 worms
  3 giant mites
  8 adder zombies (Ossuary)
  6 giant geckos
  20 orcs
  7 ball pythons (Sewer)
  3 giant cockroaches
  14 hobgoblins
  4 jackals
  5 kobolds
  2 quokkas
  8 bats
  3 giant newts
  5 gnoll zombies (Ossuary)
  14 goblins
  A goblin skeleton (D:4)
  6 hobgoblin zombies (Ossuary)
  4 kobold zombies (Ossuary)
  2 orc skeletons
  2 orc zombies (Ossuary)
  6 rats
181 creatures vanquished.

Notes
Turn   | Place    | Note
--------------------------------------------------------------
     0 | D:1      | Honkfish, the Kobold Assassin, began the quest for the Orb.
     0 | D:1      | Reached XP level 1. HP: 12/12 MP: 1/1
   223 | D:1      | Reached XP level 2. HP: 7/17 MP: 2/2
   555 | D:1      | Reached skill level 6 in Stealth
   966 | D:1      | Reached XP level 3. HP: 21/21 MP: 3/3
  1304 | D:2      | Found a blossoming altar of Fedhas.
  1971 | D:2      | Found a shadowy altar of Dithmengos.
  1971 | D:2      | Found a radiant altar of Vehumet.
  1974 | D:2      | Became a worshipper of Dithmengos
  2092 | D:2      | Reached XP level 4. HP: 23/27 MP: 4/4
  2393 | D:2      | Reached skill level 7 in Stealth
  2860 | D:3      | Found a snail-covered altar of Cheibriados.
  3205 | D:3      | Reached skill level 8 in Stealth
  3205 | D:3      | Reached XP level 5. HP: 18/31 MP: 5/5
  3389 | D:3      | Noticed an ogre
  3405 | D:3      | Killed an ogre
  3405 | D:3      | Reached skill level 9 in Stealth
  3405 | D:3      | Reached XP level 6. HP: 26/36 MP: 6/6
  5115 | D:4      | HP: 1/36 [poisoned by a worker ant]
  5133 | D:4      | HP: 1/36 [poisoned by a worker ant]
  5577 | D:4      | Reached skill level 10 in Stealth
  5597 | D:4      | Reached XP level 7. HP: 40/40 MP: 7/7
  5784 | D:5      | Entered Level 5 of the Dungeon
  5819 | D:5      | Noticed Edmund
  6025 | D:5      | Noticed Ijyb
  6029 | D:5      | Killed Ijyb
  6100 | D:5      | Found Twuomn's Jewellery Boutique.
  6109 | D:5      | Bought an uncursed ring of poison resistance for 260 gold pieces
  6147 | D:5      | Noticed Blork the orc
  6564 | D:5      | Killed Blork the orc
  6564 | D:5      | Reached skill level 11 in Stealth
  7069 | D:5      | Noticed Grinder
  7071 | D:5      | Killed Grinder
  7071 | D:5      | Reached skill level 5 in Short Blades
  7071 | D:5      | Reached XP level 8. HP: 46/46 MP: 8/8
  7229 | D:5      | Reached skill level 12 in Stealth
  7246 | D:5      | Killed Edmund
  7339 | D:6      | Found a sand-covered staircase.
  7346 | Ossuary  | Entered an ossuary
  7747 | Ossuary  | Acquired Dithmengos' first power
  7766 | Ossuary  | Reached skill level 13 in Stealth
  7828 | D:6      | Found Luoryoh's Armour Shoppe.
  7897 | D:6      | Reached XP level 9. HP: 52/52 MP: 9/9
  7911 | D:6      | Noticed Dowan
  7913 | D:6      | Noticed Duvessa
  7941 | D:5      | Killed Duvessa
  7950 | D:5      | Killed Dowan
  8068 | D:5      | Reached skill level 14 in Stealth
  8938 | D:6      | Found a white marble altar of Elyvilon.
  8975 | D:6      | Found a glowing drain.
  8994 | D:6      | Reached skill level 15 in Stealth
  9002 | Sewer    | Entered a sewer
  9024 | Sewer    | Acquired Dithmengos' second power
  9096 | Sewer    | Noticed Prince Ribbit
  9249 | Sewer    | Killed Prince Ribbit
  9397 | D:7      | Found a flagged portal.
  9516 | D:7      | Noticed Menkaure
  9670 | Bailey   | Entered a bailey
  9674 | Bailey   | Noticed an orc knight
  9748 | Bailey   | Reached skill level 16 in Stealth
  9748 | Bailey   | Reached XP level 10. HP: 31/58 MP: 10/10
  9754 | Bailey   | Shot with a bolt by an orc warrior

Action                   |  1- 3 |  4- 6 |  7- 9 | 10-12 || total
-------------------------+-------+-------+-------+-------++-------
Melee: Dagger            |   134 |   162 |   384 |       ||   680
 Fire: Blowgun           |       |    34 |    55 |       ||    89
Evoke: Wand              |       |     3 |    15 |     2 ||    20
  Use: Scroll            |     9 |     7 |     9 |       ||    25
       Potion            |     3 |     5 |     4 |     1 ||    13
 Stab: Sleeping          |    11 |     6 |    51 |       ||    68
       Distracted        |       |       |     2 |       ||     2
